[Event "Late-Titled-Tuesday-Blitz-April-02-2024"]
[Site "Chess.com"]
[Date "2024.04.02"]
[Round "3"]
[White "combidharma"]
[Black "Stalri"]
[Result "1-0"]
[WhiteElo "2861"]
[BlackElo "2560"]
[TimeControl "180+1"]
[EndTime "14:28:54 PDT"]
[Termination "combidharma won by resignation"]

1. e4 Nc6 2. d4 d5 3. Nc3 dxe4 4. d5 Nb8 5. Nxe4 c6 6. Bc4 Nf6 7. Nxf6+ exf6 8. Nf3 cxd5 9. Qxd5 Qxd5 10. Bxd5 Nc6 11.
O-O Be6 12. Re1 Kd7 13. Rd1 Bc5 14. Bf4 Rad8 15. c4 Kc8 16. a3 Rhe8 17. b4 Bd6 18.
Bxc6 Bxf4 19. Bxe8 Rxe8 20. g3 Bc7 21. Re1 Rd8 22.
c5 Rd3 23. Re3 Rd5 24. Rae1 g5 25. Kg2 g4 26. Ng1 Rd2 27. Ne2 Be5 28. Nf4 Bd7 29.
Kg1 Ra2 30. R1e2 Ra1+ 31. Re1 Ra2 32. Nd3 Bd4 33. Re4 Bc3 34. Rc1 Rxa3 35. Nf4 Be5 36. Re3 Ra2 37. Nd3 Bd4 38. Re4 Bb2 39. Re2 Bxc1 40. Rxa2 Bg5 41. Kf1 Bb5 42. Ke2 f5 43.
Ra3 a6 44. f4 Bf6 45. Ke3 h5 46. Ne5 h4 47. Ra1 h3 48. Kd4 Kc7 49. Re1 b6 50. Kc3 bxc5 51. bxc5 a5 52. Kd4 a4 53. Rb1 Be8 54.
Kd5 Be7 55. Ra1 f6 56. Nd3 Bf7+ 57. Kd4 Be8 58. Nb4 Bb5 59. Nd5+ Kd7 60. Nxe7 Kxe7 61. Kc3 Kd7 62. Kb4 Kc6 63. Rd1 Be2 64. Rd6+ Kc7 65. Kxa4 Bd3 66. Kb4 Be4 67. Rxf6 Kc8 68. Kc3 Kc7 69. Kd4 Kd7 70. Ke5 Kc7 71. Rxf5 Kc6 72. Kxe4 Kb5 73. Rd5 1-0

[Event "Late-Titled-Tuesday-Blitz-April-02-2024"]
[Site "Chess.com"]
[Date "2024.04.02"]
[Round "3"]
[White "RichardShtivelband"]
[Black "Kotlyar_K"]
[Result "0-1"]
[WhiteElo "2283"]
[BlackElo "2579"]
[TimeControl "180+1"]
[EndTime "14:29:04 PDT"]
[Termination "Kotlyar_K won on time"]

1. d4 Nf6 2. c4 g6 3. Nc3 d5 4.
cxd5 Nxd5 5. e4 Nxc3 6. bxc3 Bg7 7. Nf3 c5 8. Rb1 O-O 9. Bc4 Nc6 10. Be3 cxd4 11.
cxd4 Bg4 12. Bd5 Qa5+ 13. Qd2 Qxd2+ 14. Nxd2 Nxd4 15. Bxd4 Bxd4 16. Rxb7 Rab8 17. f3 Rxb7 18. Bxb7 Rb8 19. Bd5 Bd7 20. Bb3 a5 21. Ke2 a4 22.
Bc4 Rb2 23. Kd3 Be5 24. Rb1 a3 25. Rxb2 Bxb2 26. Bb3 Be5 27. g3 Bb5+ 28. Ke3 Bb2 29. f4 Bc1 30. e5 Kg7 31. Bc2 f6 32. Bd3 Bc6 33. Ke2 Bd5 34. Bc4 Bc6 35. Nb3 Bb2 36. exf6+ Kxf6 37. Kd3 e5 38. fxe5+ Kxe5 39. Nc5 Kd6 40. Ne4+ Ke5 41. Nd2 Kf6 42. Bb3 Bd7 43. Ne4+ Kg7 44. Bd5 Bf5 45. Ke2 h5 46. Nd6 Bg4+ 47.
Kd3 Bd7 48. Be4 Kf6 49. Nc4 Bc1 50. Kc2 Bb2 51. Kb3 Bc1 52. Nxa3 Be3 53. Nc4 Bg1 54. h4 Bh2 55. Nd2 Bxg3 56. Nf3 Bg4 57. a4 Bxf3 58.
Bxf3 Bxh4 59. a5 Bf2 60. Kc4 Kf5 61. Kd3 Kf4 62. Ke2 Ba7 63. Bd5 g5 64. Kf1 Kg3 65. Be6 g4 66. a6 h4 0-1

[Event "Late-Titled-Tuesday-Blitz-April-02-2024"]
[Site "Chess.com"]
[Date "2024.04.02"]
[Round "3"]
[White "ChessBrainiacOnTwitch"]
[Black "Caracal3000"]
[Result "0-1"]
[WhiteElo "2830"]
[BlackElo "2548"]
[TimeControl "180+1"]
[EndTime "14:29:05 PDT"]
[Termination "Caracal3000 won by checkmate"]

1. Nf3 d5 2. g3 e6 3. Bg2 Nf6 4. O-O Be7 5. d3 O-O 6. Nbd2 c5 7. e4 d4 8. Re1 Nc6 9. e5 Nd7 10. Nc4 Qc7 11. Bf4 b5 12. Nd6 Rb8 13. h4 Ncxe5 14. Nxf7 Rxf7 15. Nxe5 Nxe5 16. Bxe5 Bd6 17. Qe2 Rf5 18.
Bxd6 Qxd6 19. Bh3 Rf6 20. Qe5 Rb6 21. Qg5 Rg6 22. Qe5 Bb7 23. Qxd6 Rxd6 24. Re5 Bd5 25. a4 b4 26. b3 a5 27. Rae1 Kf7 28. Bg2 Rf6 29. h5 Bxg2 30. Kxg2 Rd5 31. f4 Rxe5 32. Rxe5 Rf5 33. Re1 Rxh5 34. g4 Rd5 35. Kf3 h6 36. Rh1 Kf6 37. Ke4 Kg6 38. Rh2 Kf6 39. Rh3 Kg6 40.
Rh4 Kf6 41. Rh1 Kg6 42. f5+ Kf6 43. Rf1 Re5+ 44. Kf4 Re2 45. Kf3 Rxc2 46. Ke4 Re2+ 47.
Kf4 Re3 48. fxe6 Kxe6 49. Rc1 Kd5 50. Kf5 Rxd3 51. Kg6 Rg3 52. Kf5 Rf3+ 53. Kg6 Rg3 54. Kf5 Rxb3 55. Kg6 Rg3 56. Kf5 b3 57. Rb1 c4 58. Kf4 Rg2 59. Kf5 d3 60. Kg6 Rxg4+ 61. Kf7 Rg2 62. Kg8 Kd4 63. Rf1 d2 64. Rf4+ Kc3 65. Rf3+ Kc2 66. Rf4 d1=N 67. Rxc4+ Nc3 68.
Rc5 b2 69. Rxa5 b1=Q 70. Ra8 Qb3+ 71. Kh8 Nxa4 72. Rc8+ Kb2 73. Rf8 h5 74. Rf1 h4 75.
Rh1 h3 76. Rf1 h2 77. Rh1 Qh3+ 78. Kg8 Rg1 79. Rxh2+ Qxh2 80. Kf7 g5 81. Kg8 g4 82. Kg7 g3 83. Kf8 g2 84. Ke7 Re1+ 85. Kd7 Qg1 86.
Kc6 Qf1 87. Kb7 Nc3 88. Ka7 Nb1 89. Kb6 g1=Q+ 90. Ka5 Qf5+ 91. Ka4 Qgg4# 0-1

[Event "Late-Titled-Tuesday-Blitz-April-02-2024"]
[Site "Chess.com"]
[Date "2024.04.02"]
[Round "3"]
[White "AllStarShark"]
[Black "KVAIDAN"]
[Result "1-0"]
[WhiteElo "2528"]
[BlackElo "2297"]
[TimeControl "180+1"]
[EndTime "14:29:06 PDT"]
[Termination "AllStarShark won by checkmate"]

1. c4 f5 2. g3 Nf6 3. Bg2 d6 4. Nc3 e5 5. d3 Be7 6. Nf3 O-O 7. O-O Nc6 8. Rb1 Qe8 9. b4 Qh5 10.
e3 f4 11. Nd2 Bg4 12. f3 fxg3 13. hxg3 Bh3 14. Nde4 Nxe4 15. Nxe4 Bd7 16. g4 Qg6 17. b5 Nd8 18. a4 Ne6 19. Ba3 Ng5 20. Qe2 Nxe4 21.
dxe4 a6 22. b6 cxb6 23. Rxb6 Bxa4 24. Rxb7 Bd8 25. Qd3 Bc6 26. Rb2 Bc7 27. Rd1 Rad8 28. Rbd2 h5 29. gxh5 Qxh5 30. c5 Bb5 31. Qb3+ Kh8 32. cxd6 Ba5 33. Bb4 Bb6 34. d7 Qg5 35. Bxf8 Bxe3+ 36. Kh2 Qh4+ 37. Bh3 Bf4+ 38. Kg2 Qg3+ 39.
Kh1 Qxh3+ 40. Kg1 Bxd2 41. Rxd2 Qg3+ 42. Rg2 Qe1+ 43. Kh2 Rxf8 44. Qe6 Qd2 45. Qh3+ Qh6 46. Qxh6+ gxh6 47. Rg6 Bxd7 48. Rxh6+ Kg7 49. Rxa6 Rf7 50. Kg3 Kf8 51. Ra5 Re7 52. f4 exf4+ 53. Kxf4 Bc6 54. e5 Kf7 55. Ra6 Rc7 56. Rb6 Ke6 57. Ra6 Rf7+ 58. Kg5 Kd5 59. Ra5+ Ke4 60. e6 Re7 61. Kf6 Re8 62. e7 Kd4 63. Ra6 Bb5 64. Rd6+ Kc5 65.
Rd8 Bc6 66. Kf7 Rxe7+ 67. Kxe7 Bd5 68. Kf6 Bc6 69. Ke5 Kb6 70. Kd6 Bb7 71. Rb8 Ka7 72.
Kc7 Be4 73. Rb4 Bc2 74. Rb2 Bd3 75. Ra2+ Ba6 76. Ra3 Ka8 77. Rxa6# 1-0

[Event "Late-Titled-Tuesday-Blitz-April-02-2024"]
[Site "Chess.com"]
[Date "2024.04.02"]
[Round "3"]
[White "Carlos-Godoy"]
[Black "ellennilssen"]
[Result "0-1"]
[WhiteElo "2046"]
[BlackElo "2324"]
[TimeControl "180+1"]
[EndTime "14:29:06 PDT"]
[Termination "ellennilssen won on time"]

1. e4 c6 2. c4 d5 3. exd5 cxd5 4. cxd5 Nf6 5. Qa4+ Nbd7 6. Nc3 g6 7. Nf3 Bg7 8.
Be2 O-O 9. O-O Nb6 10. Qb3 Bf5 11. Nd4 Be4 12. Bf3 Bxf3 13. Nxf3 Nfxd5 14. Nxd5 Qxd5 15. d4 Rfd8 16. Be3 Rac8 17. Rac1 Nc4 18. Rc3 Nxe3 19. Rxe3 e6 20. Ne5 Qxd4 21. Nxf7 Rd7 22. Qxe6 Rxf7 23. Qxc8+ Bf8 24. Qe6 Kg7 25. Qe5+ Qxe5 26. Rxe5 Bd6 27. Rd5 Bc7 28. g3 Bb6 29. Kg2 Rc7 30. Rfd1 Rc2 31. R1d2 Rc1 32. Rd7+ Kf6 33. Rxb7 h5 34. h4 Bc5 35. b4 Bb6 36. a4 Rc4 37. a5 Bd4 38. b5 Rb4 39. b6 axb6 40. axb6 Kf5 41. Rb8 Bxb6 42. Rd6 Bc5 43. Rb7 Bxd6 44. Rd7 Be5 45. Rd5 Ke6 46. Ra5 Rb2 47. Ra6+ Kf7 48. Ra7+ Kg8 49.
Ra4 Bc7 50. Rc4 Bb6 51. Rf4 Kg7 52. Rf3 Kh6 53. Rf4 Be3 54. Rf3 Bb6 55. Rf4 g5 56.
hxg5+ Kxg5 57. Rf3 Bc7 58. Rf7 Bb6 59. Rf3 h4 60.
gxh4+ Kxh4 61. Rf4+ Kg5 62. Rf3 Kg4 63. Rf8 Kg5 64.
Rg8+ Kf6 65. Rf8+ Ke5 66. Re8+ Kd4 67. Rf8 Kd3 68. Rf3+ Ke2 69. Rf8 Ke1 70. Re8+ Kd1 71. Rf8 Re2 72. Rf3 Ke1 73. Rf8 Bxf2 0-1

[Event "Late-Titled-Tuesday-Blitz-April-02-2024"]
[Site "Chess.com"]
[Date "2024.04.02"]
[Round "3"]
[White "DinaBelenkaya"]
[Black "nabukatnezarr"]
[Result "1-0"]
[WhiteElo "2462"]
[BlackElo "2614"]
[TimeControl "180+1"]
[EndTime "14:29:12 PDT"]
[Termination "DinaBelenkaya won on time"]

1. Nf3 Nf6 2. g3 b6 3. Bg2 Bb7 4. d3 g6 5. e4 d6 6. O-O Bg7 7. Re1 O-O 8. Nbd2 e5 9. Nc4 Nbd7 10.
c3 h6 11. b4 a5 12. b5 Nc5 13. a4 Kh7 14. Nfd2 Nxd3 15. Re3 Nxc1 16. Qxc1 Ng4 17.
Rd3 Qe7 18. h3 Nf6 19. Ne3 Rad8 20. c4 Nd7 21. Nd5 Bxd5 22. cxd5 Nc5 23. Rc3 h5 24. h4 Bh6 25. Qd1 Bxd2 26. Qxd2 f5 27. exf5 Rxf5 28. Bh3 Rf7 29. Qc2 Rdf8 30. Rf1 Rf3 31. Rxc5 dxc5 32. Bg2 Ra3 33. Be4 Qd6 34. Kg2 Kg7 35. Rd1 Rf6 36. Rd3 Rxd3 37. Qxd3 Qf8 38. Qe3 Rd6 39. Qg5 Qf6 40. Qc1 Kh7 41. Qd1 Kh8 42. Qc1 Kg7 43. Qd1 Rd8 44. Qc2 Rf8 45. f3 Qd6 46. Qd3 Rf6 47. Qc4 Qe7 48. Qc2 Qf8 49. Qd3 c4 50. Qxc4 Qc5 51. Qa2 Qc3 52. Kh3 Qe1 53. Kg2 Qc3 54.
Kf2 Rd6 55. Kg2 Qc5 56. Kh2 Kf6 57. Qb1 Qc3 58. Bxg6 Qd2+ 59. Kh3 Kg7 60. Qf5 Rf6 61. Qxh5 Qh6 62. Qxh6+ Kxh6 63. Be4 Rf8 64. Kg2 Kh5 65.
Kh3 Kh6 66. g4 Rf4 67. Kg3 Kg7 68. Kf2 Rf8 69. Ke3 Rh8 70. h5 Kf6 71. Kf2 Kg5 72. Kg3 Rf8 73. Kf2 Rf6 74. Ke3 Kh4 75.
Kf2 Kh3 76. g5 Rf8 77. g6 Rh8 78. g7 Rg8 79. h6 1-0

[Event "Late-Titled-Tuesday-Blitz-April-02-2024"]
[Site "Chess.com"]
[Date "2024.04.02"]
[Round "3"]
[White "emeli_chess"]
[Black "Bykov_Egor"]
[Result "0-1"]
[WhiteElo "2417"]
[BlackElo "2615"]
[TimeControl "180+1"]
[EndTime "14:29:16 PDT"]
[Termination "Bykov_Egor won by resignation"]

1. d4 Nf6 2. c4 g6 3. Nc3 Bg7 4. e4 d6 5. f3 O-O 6. Be3 c5 7. Nge2 cxd4 8. Nxd4 Nc6 9. Be2 Bd7 10. O-O Rc8 11. Rc1 Nxd4 12. Bxd4 a5 13. b3 Bc6 14.
Qd2 Nd7 15. Bxg7 Kxg7 16. Qd4+ f6 17. Nd5 Bxd5 18. cxd5 Qb6 19. Qxb6 Nxb6 20. Kf2 Nd7 21. Ke3 f5 22. Kd4 Rc5 23. Bd3 fxe4 24. fxe4 Rxf1 25.
Rxf1 Ne5 26. a3 Rc8 27. b4 axb4 28. axb4 Ra8 29. Rc1 Ra3 30. Rc3 Rxc3 31. Kxc3 Kf6 32. Be2 g5 33. Kd4 g4 34. Ke3 Kg5 35. Bb5 h5 36.
Be2 h4 37. g3 hxg3 38. hxg3 Nd7 39. Bb5 Nf6 40. Be2 Nh5 41. Kf2 Ng7 42. Ke3 e6 43. e5 dxe5 44. d6 Nf5+ 45. Ke4 Nxd6+ 46.
Kxe5 Nf5 47. Kxe6 Nxg3 48. Bxg4 Kxg4 49. Kd7 Ne4 50. Kc7 b5 51. Kc6 Nc3 52. Kc5 Kf5 53. Kd4 Ne4 54. Kd5 Kf4 55. Kd4 Kf3 56. Kd3 Nd6 57.
Kd4 Kf4 58. Kd5 Ne4 59. Kd4 Kf5 60. Kd5 Nc3+ 61. Kd4 Na4 62. Kd5 Kf4 63. Kd4 Kf3 64.
Kd3 Kg4 65. Ke4 Kg5 66. Ke5 Kg4 67. Ke4 Kg3 68. Ke3 Kg2 69. Ke2 Kg1 70. Ke3 Kf1 71. Kd3 Ke1 72. Ke3 Kd1 73. Kd3 Kc1 74.
Kd4 Kc2 75. Kd5 Nc3+ 76. Kc5 Kb3 0-1

[Event "Late-Titled-Tuesday-Blitz-April-02-2024"]
[Site "Chess.com"]
[Date "2024.04.02"]
[Round "3"]
[White "DeArron_Fox"]
[Black "carlsenCamacho"]
[Result "1-0"]
[WhiteElo "2531"]
[BlackElo "2298"]
[TimeControl "180+1"]
[EndTime "14:29:18 PDT"]
[Termination "DeArron_Fox won by checkmate"]

1. d4 Nf6 2. c4 c5 3. d5 b5 4. cxb5 a6 5. bxa6 g6 6. Nc3 Bg7 7. e4 O-O 8. a7 Rxa7 9. Nf3 Qa5 10. Bd3 Nxd5 11. Bd2 Nxc3 12. bxc3 Bxc3 13. O-O Bxd2 14. Nxd2 Ba6 15. Bxa6 Qxa6 16. e5 Nc6 17. f4 Qd3 18. Rf3 Qd4+ 19. Kh1 d5 20. exd6 exd6 21. f5 Ne5 22.
Rh3 Rb7 23. Nf3 Qxd1+ 24. Rxd1 Nxf3 25. Rxf3 Rd8 26. fxg6 hxg6 27. h4 Kf8 28. Rfd3 Ke7 29. Re3+ Kd7 30. Rf3 Kc6 31. Rf6 Rb2 32. Rxf7 Rxa2 33.
Rf6 Rh8 34. Rdxd6+ Kb5 35. Rf4 Ra4 36. Rxa4 Kxa4 37.
Rxg6 Rxh4+ 38. Kg1 c4 39. Rc6 Kb3 40. Kf2 Rg4 41.
Kf3 Rg8 42. g4 c3 43. g5 c2 44. Kf4 Kb2 45. Kf5 Rf8+ 46. Ke6 Rf3 47. Rxc2+ Kxc2 48. g6 Kd3 49. g7 Re3+ 50. Kf7 Rf3+ 51. Ke7 Rg3 52. Kf7 Ke4 53. g8=Q Rf3+ 54. Ke7 Rf5 55.
Qg6 Kf4 56. Kd6 Re5 57. Qh6+ Rg5 58. Ke6 Kg4 59. Qf6 Kh5 60. Qf4 Rg4 61. Qf5+ Rg5 62. Qh3+ Kg6 63. Ke7 Rf5 64. Ke6 Rg5 65. Qd3+ Kg7 66.
Qe4 Rg6+ 67. Ke7 Rg5 68. Qf4 Rg6 69. Qf8+ Kh7 70. Qf4 Kg7 71. Qh4 Kg8 72. Ke8 Kg7 73. Ke7 Kg8 74. Qh5 Kg7 75. Qf5 Kh7 76. Kf7 Kh8 77. Kxg6 Kg8 78. Qf7+ Kh8 79. Qf8# 1-0

[Event "Late-Titled-Tuesday-Blitz-April-02-2024"]
[Site "Chess.com"]
[Date "2024.04.02"]
[Round "3"]
[White "guillembaches"]
[Black "ritanovikova"]
[Result "1-0"]
[WhiteElo "2564"]
[BlackElo "2164"]
[TimeControl "180+1"]
[EndTime "14:29:20 PDT"]
[Termination "guillembaches won on time"]

1. Nf3 Nf6 2. d4 e6 3. Bg5 Be7 4. Nbd2 O-O 5. e3 d5 6. Bd3 h6 7. Bh4 b6 8. Ne5 Qe8 9. f4 Ba6 10. Bxa6 Nxa6 11. Qe2 Nb4 12. Ndf3 c5 13. c3 Nc6 14.
Bxf6 Bxf6 15. O-O Bxe5 16. Nxe5 cxd4 17. exd4 Nxe5 18. fxe5 b5 19. a3 a5 20. Qg4 Kh7 21.
Rf3 b4 22. axb4 axb4 23. Raf1 bxc3 24. bxc3 Ra7 25. h4 Rc7 26. Rg3 Rg8 27. Rf4 Ra7 28.
Kh2 Rc7 29. Qf3 Rf8 30. Qd3+ Kh8 31. Rgf3 Qc8 32. Qd2 Qd8 33. Rg4 Kh7 34. Qd3+ Kh8 35.
Rfg3 Rg8 36. Qd2 Kh7 37. h5 f5 38. Rg6 Qh4+ 39. Rh3 Qe4 40. Qf2 Ra7 41. Re3 Qb1 42. Rxe6 Ra1 43. Kg3 Qh1 44. Qxf5+ Kh8 45. Rg6 Rf1 46. Qg4 Rff8 47. Rf3 Qe1+ 48. Kh2 Rxf3 49. Qxf3 Qh4+ 50. Qh3 Qf4+ 51. Qg3 Qxg3+ 52. Rxg3 Rc8 53.
Rg6 Kg8 54. Rd6 Kf7 55. Rxd5 Rxc3 56. Rd6 Rd3 57. Kg1 Ke7 58. Kf2 Rd2+ 59. Kf3 Rd3+ 60. Kf4 Rd2 61. g4 Rf2+ 62. Ke4 Re2+ 63. Kd5 Rg2 64. Rg6 Kf7 65. Kd6 Rd2 66. d5 Ra2 67. e6+ Ke8 68. Rxg7 Ra6+ 69. Ke5 Ra5 70. Kf6 Kd8 71.
d6 Rf5+ 72. Kxf5 1-0

[Event "Late-Titled-Tuesday-Blitz-April-02-2024"]
[Site "Chess.com"]
[Date "2024.04.02"]
[Round "3"]
[White "Eagle_2019"]
[Black "AGW2016"]
[Result "1-0"]
[WhiteElo "2873"]
[BlackElo "2567"]
[TimeControl "180+1"]
[EndTime "14:29:21 PDT"]
[Termination "Eagle_2019 won by resignation"]

1. d4 Nf6 2. Bg5 d5 3. Nd2 c5 4. Bxf6 exf6 5. dxc5 Bxc5 6. c3 O-O 7. Nb3 Bb6 8. Nf3 Nc6 9. g3 Re8 10. Bg2 Bg4 11. O-O Qd7 12. e3 Rad8 13. Qd3 Ne5 14. Nxe5 fxe5 15. a4 a6 16. a5 Ba7 17.
Nd2 h6 18. Rfe1 Bf5 19. Qe2 Bg6 20. Nb3 Qc7 21. Rad1 Qc6 22. e4 Qa4 23. Qc2 d4 24. cxd4 exd4 25. Qd3 Qb4 26. Re2 Rc8 27. Bh3 Rc7 28.
Rde1 Qc4 29. Nc1 Qb4 30. Nb3 Qc4 31. Nc1 Qb4 32. Kg2 Qxa5 33. Bf5 Bxf5 34. exf5 Rxe2 35.
Nxe2 Qd5+ 36. f3 Qc4 37. Qd2 Qc2 38. Rd1 d3 39. Qxd3 Qxd3 40. Rxd3 Rc2 41. Kf1 Rxb2 42.
Rd8+ Kh7 43. Rf8 Rb1+ 44. Kg2 Rb2 45. Kf1 a5 46. Rxf7 Kg8 47. Re7 a4 48. Nf4 a3 49.
Ng6 Bc5 50. Re8+ Kf7 51. Ra8 a2 52. Ne5+ Kf6 53. Nd7+ Kxf5 54. Nxc5 Rb1+ 55. Kg2 a1=Q 56. Rxa1 Rxa1 57. Nxb7 Rd1 58. Nc5 Rd2+ 59. Kg1 Rd1+ 60. Kf2 Rd5 61. Ne4 Ra5 62. h4 Ra2+ 63. Ke3 h5 64. Nf2 Ra3+ 65. Ke2 g6 66. Nd3 Ra2+ 67.
Kf1 Ke6 68. Nf4+ Kf6 69. Nh3 Kf5 70. Ng5 Ke5 71. Ne4 Kd4 72. Ng5 Ke3 73. Kg1 Ra1+ 74. Kg2 Ra2+ 75. Kg1 Rb2 76. Kf1 Rf2+ 77. Kg1 Rxf3 78.
Nxf3 Kxf3 79. Kh2 Kf2 80. Kh3 Kf3 81. Kh2 Kf2 82. Kh3 Kg1 83. g4 Kh1 84. Kg3 Kg1 85.
g5 Kh1 86. Kf4 Kh2 87. Ke5 Kh3 88. Kf6 Kxh4 89. Kxg6 Kg4 90. Kf6 h4 91. g6 h3 92.
g7 h2 93. g8=Q+ Kf3 94. Qd5+ Kg3 95. Qh1 1-0

[Event "Late-Titled-Tuesday-Blitz-April-02-2024"]
[Site "Chess.com"]
[Date "2024.04.02"]
[Round "3"]
[White "Rud_Makarian"]
[Black "FrankDux44"]
[Result "0-1"]
[WhiteElo "3019"]
[BlackElo "2706"]
[TimeControl "180+1"]
[EndTime "14:29:23 PDT"]
[Termination "FrankDux44 won by resignation"]

1. d4 d6 2. Nf3 Bg4 3. g3 Bxf3 4.
exf3 d5 5. f4 e6 6. c3 c6 7. Nd2 g6 8. Nf3 Nd7 9. Bd3 Bg7 10. Qe2 Ne7 11. Ne5 h5 12. h4 Nf5 13.
Kf1 Nxe5 14. fxe5 Bh6 15. Bxf5 exf5 16. Bxh6 Rxh6 17. Kg2 Qe7 18. b4 Rh8 19. a4 Kf8 20. b5 Kg7 21. c4 Qe6 22. c5 Rhc8 23. Rhc1 b6 24. Rab1 cxb5 25. axb5 bxc5 26. dxc5 d4 27. c6 a6 28. Rc5 axb5 29. Qxb5 Ra7 30. Qc4 Qxc4 31.
Rxc4 Rac7 32. Rb6 f6 33. e6 Kf8 34. Rxd4 Rxc6 35. Rb7 R8c7 36. Rxc7 Rxc7 37. Rd8+ Ke7 38. Rg8 Kxe6 39. Rxg6 f4 40. Rh6 fxg3 41. fxg3 Rc5 42. Rh7 Ra5 43. Kf3 Ra3+ 44. Kf4 Ra4+ 45. Kf3 Ra3+ 46. Kg2 Ra2+ 47. Kh3 Ra5 48. Rc7 Rb5 49.
Rc4 Kf7 50. Kg2 Kg6 51. Kf3 Ra5 52. Kf4 Rb5 53. Rd4 Ra5 54. Rd8 Ra4+ 55. Kf3 Ra3+ 56. Kg2 Ra2+ 57. Kh3 Ra5 58. Rg8+ Kh6 59. Kg2 Rf5 60.
Kg1 Kh7 61. Rb8 Kg6 62. Kg2 Rc5 63. Rb4 Rd5 64. Kf3 Rc5 65. Re4 Rf5+ 66. Rf4 Ra5 67. Rd4 Rf5+ 68. Ke3 Re5+ 69. Re4 Rc5 70. Re8 Re5+ 71.
Rxe5 fxe5 72. Ke4 Kf6 73. Ke3 Kf5 74. Kf3 e4+ 75. Kf2 Ke5 76. Ke3 Kd5 77. Kf4 Kd4 78. g4 e3 79. gxh5 e2 80. h6 e1=Q 81. Kg5 Qe5+ 82.
Kg6 Qh8 83. h7 Ke5 84. h5 Ke6 0-1

[Event "Late-Titled-Tuesday-Blitz-April-02-2024"]
[Site "Chess.com"]
[Date "2024.04.02"]
[Round "3"]
[White "Bilan_Danila"]
[Black "arturdailima"]
[Result "0-1"]
[WhiteElo "2580"]
[BlackElo "2392"]
[TimeControl "180+1"]
[EndTime "14:29:36 PDT"]
[Termination "arturdailima won by resignation"]

1. d4 Nf6 2. Nf3 g6 3. Bg5 Bg7 4. c3 h6 5. Bh4 b6 6. Nbd2 Bb7 7. Qc2 d6 8. e4 Nbd7 9. Bc4 O-O 10. e5 dxe5 11. dxe5 Nd5 12. e6 fxe6 13. Qxg6 Nf4 14. Qg4 h5 15. Qg5 Nc5 16. O-O Kh8 17. Qxe7 Qxe7 18. Bxe7 Rg8 19. Bxc5 bxc5 20. Rfe1 Rad8 21. Bf1 Bh6 22. Ne4 Rg6 23. Ne5 Rg7 24. g3 h4 25.
Nxc5 Bd5 26. Ncd3 Nxd3 27. Nxd3 hxg3 28. fxg3 Rdg8 29. Kf2 Rf7+ 30. Ke2 Bf3+ 31. Kf2 Bd1+ 32. Kg1 Bh5 33. Bg2 Bd2 34. Rf1 Rd7 35. Nf4 Bg4 36.
Rf2 Be3 37. Kf1 Bxf2 38. Kxf2 Bf5 39. Kg1 Rd2 40. Rf1 Rxb2 41. Rf2 Rxf2 42. Kxf2 Rb8 43. h3 Rb2+ 44. Kf3 Rxa2 45. g4 Bh7 46. Nxe6 Ra3 47. Kf4 Rxc3 48. Kg5 a5 49. Kf6 a4 50. g5 a3 51. Bd5 Rd3 52. Bc4 Rc3 53. Bd5 Rd3 54.
Bc4 Rf3+ 55. Ke7 Bg6 56. Nf8 Kg7 57. Ne6+ Kh7 58. Nf8+ Kg7 59. Ne6+ Kh8 60. Nf8 Bh5 61. g6 Kg7 62. Ne6+ Kxg6 63. Nxc7 Rc3 64. Bf7+ Kh6 65. Nd5 Rc5 66. Nb4 Bxf7 67. Kxf7 Rb5 68. Nc2 a2 69. Ne3 a1=Q 70. Ng4+ Kg5 71. Ke6 Kh4 72. Ne5 Qa6+ 73. Kf5 Rxe5+ 74. Kf4 Qf1+ 75. Kxe5 Kxh3 0-1

[Event "Late-Titled-Tuesday-Blitz-April-02-2024"]
[Site "Chess.com"]
[Date "2024.04.02"]
[Round "3"]
[White "Kacparov"]
[Black "Yeritsyaan"]
[Result "1-0"]
[WhiteElo "2927"]
[BlackElo "2640"]
[TimeControl "180+1"]
[EndTime "14:29:37 PDT"]
[Termination "Kacparov won by resignation"]

1. e4 c5 2. Nf3 d6 3. d4 cxd4 4. Nxd4 Nf6 5. f3 g6 6. c4 Bg7 7. Nc3 O-O 8. Be3 Nc6 9. Qd2 a6 10. Be2 Bd7 11. O-O Rc8 12. Rac1 Nxd4 13. Bxd4 Bc6 14.
Rfd1 Nd7 15. Be3 a5 16. b3 Nc5 17. Rc2 Qc7 18. Bf1 Rfd8 19. Rb1 b6 20. a3 a4 21.
b4 Nb3 22. Qf2 Rb8 23. Nd5 Bxd5 24. cxd5 Qd7 25. Rc6 b5 26. Rd1 Rdc8 27. Qc2 Na1 28. Rxa1 Bxa1 29. Bxb5 Qd8 30. Bxa4 Ra8 31. Rxc8 Rxc8 32.
Bc6 Qf8 33. a4 Qg7 34. Kf1 Bd4 35. Bd2 Ba7 36. Qc3 Bd4 37. Qd3 Ba7 38. Bc3 Qh6 39. h3 Qc1+ 40. Be1 Rb8 41. Qc3 Qd1 42. a5 Bd4 43.
Qd2 Qa1 44. b5 Bc5 45. b6 f6 46. Qc3 Qa2 47. h4 h5 48. Bb5 Kf7 49. Bc4 Qa4 50. Be2 Bxb6 51. axb6 Rxb6 52. Qc4 Qa1 53. Qc3 Qb1 54.
Kf2 Qa2 55. Qe3 Rb2 56. Kf1 Kg7 57. g3 Rb1 58. Kf2 Rb2 59. Qd3 Rc2 60. g4 Qa7+ 61.
Kf1 Rc1 62. Qd2 Rb1 63. gxh5 gxh5 64. Kg2 Qa1 65. Bf2 Rb2 66. Qe3 Qa2 67. Bf1 Rc2 68. f4 Qb2 69. Qf3 Kh6 70. f5 Rc3 71. Qf4+ Kh7 72.
Kg1 Rc1 73. Qf3 Kh6 74. Be3+ Kh7 75. Qxh5+ Kg8 76. Qe8+ Kg7 77. Qxe7+ Kg8 78. Qe8+ Kg7 79. Qg6+ Kh8 80. Bxc1 Qxc1 81. Qxf6+ Kh7 82. Qg6+ Kh8 83. Qh5+ Kg8 84. Qg5+ Kh8 85. Qxc1 1-0

[Event "Late-Titled-Tuesday-Blitz-April-02-2024"]
[Site "Chess.com"]
[Date "2024.04.02"]
[Round "3"]
[White "Oleg_Papayan"]
[Black "DrVelja"]
[Result "1-0"]
[WhiteElo "2694"]
[BlackElo "3017"]
[TimeControl "180+1"]
[EndTime "14:29:50 PDT"]
[Termination "Oleg_Papayan won by resignation"]

1. e4 c5 2. Nf3 Nc6 3. Bb5 e6 4. O-O Nge7 5. Re1 Nd4 6. Nxd4 cxd4 7. c3 a6 8. Ba4 b5 9. Bc2 Nc6 10. a4 Bb7 11. axb5 axb5 12. Rxa8 Bxa8 13. e5 Qc7 14.
Be4 d3 15. Bxd3 Nxe5 16. Bf1 Bd6 17. d4 Ng6 18. Qh5 b4 19. Be3 O-O 20. c4 Nf4 21. Qh4 Ng6 22. Qh5 Bf4 23. Nd2 Bxe3 24. fxe3 f5 25.
c5 Bd5 26. Bc4 Qc6 27. Qe2 Ra8 28. Nf3 h6 29. Rc1 Kh7 30. Bxd5 Qxd5 31. Qc4 Qe4 32. Re1 Rb8 33. b3 Kh8 34. Nd2 Qc6 35. Nf3 Qc7 36.
Rc1 Qc6 37. Rc2 Kh7 38. Ra2 Qe4 39. Kf2 f4 40. exf4 Nxf4 41. Qc2 Nd3+ 42. Kf1 Rf8 43. Qe2 Qxd4 44. Rd2 Qxc5 45. Qxd3+ Kh8 46. Qd6 Qc8 47. Qxb4 Qc1+ 48. Ke2 Rc8 49. Qd4 Qh1 50. Kf2 Rc1 51. Qd3 d5 52. b4 Rb1 53. b5 Qc1 54. Re2 Rb2 55. Rxb2 Qxb2+ 56. Qe2 Qb4 57. Qxe6 Qxb5 58. Qc8+ Kh7 59. Qc2+ Kg8 60. Qd2 Qc5+ 61. Qd4 Qd6 62. Qe5 Qc5+ 63. Kg3 Qc4 64. h3 Qd3 65. Qe6+ Kh8 66.
Qe8+ Kh7 67. Qe5 Kg8 68. Qf4 Kh7 69. h4 Qg6+ 70. Qg4 Qd3 71. h5 Kg8 72. Qe6+ Kh8 73. Kh2 Qc4 74. Qe8+ Kh7 75. Qg6+ Kh8 76. Kh3 Qc8+ 77.
Qg4 Qe8 78. Nh4 Qe3+ 79. g3 Kh7 80. Qc8 Qe2 81. Qf5+ Kg8 82. Qxd5+ Kh7 83. Qf5+ Kg8 84.
Qf3 Kh7 85. Qxe2 1-0

[Event "Late-Titled-Tuesday-Blitz-April-02-2024"]
[Site "Chess.com"]
[Date "2024.04.02"]
[Round "3"]
[White "picturesquecheck"]
[Black "Resignify"]
[Result "1/2-1/2"]
[WhiteElo "2400"]
[BlackElo "2247"]
[TimeControl "180+1"]
[EndTime "14:29:58 PDT"]
[Termination "Game drawn by stalemate"]

1. e4 c5 2. Nf3 d6 3. Nc3 Nf6 4. Bb5+ Bd7 5. a4 a6 6. Be2 Nc6 7. O-O e6 8. d4 cxd4 9. Nxd4 Nxd4 10. Qxd4 Rc8 11. Be3 Be7 12. f4 Qc7 13. Kh1 Bc6 14. Rad1 O-O 15. Bf3 Rfd8 16. Qb6 Qxb6 17. Bxb6 Rd7 18. a5 d5 19. exd5 Nxd5 20. Nxd5 Bxd5 21. Bxd5 Rxd5 22. Rxd5 exd5 23. c3 Kf8 24. Rd1 Bc5 25. Rxd5 Bxb6 26. axb6 Rc6 27. Rd7 Rxb6 28. b4 a5 29. Rd4 a4 30. Rd1 Rc6 31. Rc1 b5 32. g3 a3 33. Kg2 g6 34. Kf3 a2 35. Ke4 a1=Q 36. Rxa1 Rxc3 37. Ke5 Kg7 38. Ra5 Rc2 39.
Rxb5 Rxh2 40. Ke4 Rb2 41. Rb7 h6 42. b5 h5 43. b6 Rb3 44. Rb8 Rxg3 45. b7 Rb3 46. f5 gxf5+ 47. Kxf5 h4 48. Kg4 h3 49. Rc8 Rxb7 50. Kxh3 Rb4 51. Kg3 Kg6 52. Kf3 Kg5 53.
Rc5+ f5 54. Rc3 Rf4+ 55. Kg3 Rg4+ 56. Kf3 Rh4 57. Kg3 f4+ 58. Kg2 Kg4 59. Rb3 Rh5 60. Ra3 Re5 61. Kf1 Rb5 62. Rc3 Rb2 63. Ra3 Rc2 64. Rb3 Rh2 65. Ra3 Rh5 66. Rb3 Re5 67.
Rb2 Re3 68. Kf2 Rf3+ 69. Kg2 Rg3+ 70. Kf2 Rh3 71. Kg2 f3+ 72. Kg1 Kg3 73. Ra2 Rh6 74.
Rg2+ Kf4 75. Ra2 Rg6+ 76. Kf1 Kg3 77. Ra8 Rg5 78. Rb8 Rg4 79. Rc8 Kh2 80. Rh8+ Kg3 81. Rf8 Rc4 82. Rg8+ Kf4 83. Rf8+ Ke3 84. Re8+ Re4 85.
Rxe4+ Kxe4 86. Kf2 Kf4 87. Kf1 Kg3 88. Kg1 Kg4 89.
Kf2 Kf4 90. Kf1 Ke3 91. Ke1 Kd4 92. Kf2 Ke4 93. Kf1 Kf4 94. Kf2 Kg4 95. Kf1 Kg3 96.
Kg1 f2+ 97. Kf1 Kf3 1/2-1/2

[Event "Late-Titled-Tuesday-Blitz-April-02-2024"]
[Site "Chess.com"]
[Date "2024.04.02"]
[Round "4"]
[White "miraitrunks"]
[Black "Mikayel99"]
[Result "0-1"]
[WhiteElo "2189"]
[BlackElo "2542"]
[TimeControl "180+1"]
[EndTime "14:31:00 PDT"]
[Termination "Mikayel99 won by resignation"]

1. e4 c5 2. Nc3 g6 3. f4 Nc6 4.
Nf3 Bg7 5. Bb5 Nd4 6. Bc4 e6 7. O-O Ne7 8. d3 O-O 9. Be3 d5 10. Bb3 Nxb3 11. axb3 d4 0-1

[Event "Late-Titled-Tuesday-Blitz-April-02-2024"]
[Site "Chess.com"]
[Date "2024.04.02"]
[Round "4"]
[White "Itay121"]
[Black "Darkdefense15"]
[Result "1-0"]
[WhiteElo "2548"]
[BlackElo "2371"]
[TimeControl "180+1"]
[EndTime "14:31:28 PDT"]
[Termination "Itay121 won by resignation"]

1. e4 c5 2. Nf3 Nc6 3. d4 cxd4 4. Nxd4 e5 5. Nb5 d6 6. N1c3 a6 7. Na3 Be7 8. Nd5 Nf6 9. Be3 Be6 10. Bb6 Qd7 11.
Nc7+ Kf8 12. Nxa8 Nxe4 13. Nc7 1-0